 Dungeon Crawl Stone Soup version 0.32-a0-868-g153ae1a8d6 (webtiles) character file.

Game seed: 3089163466424089360

2920 Biggs the Skirmisher (level 9, -6/61 HPs)
             Began as a Coglin Hunter on Mar 28, 2024.
             Was a Priest of Okawaru.
             Killed from afar by an electric eel (10 damage)
             ... with a bolt of electricity
             ... on level 7 of the Dungeon.
             The game lasted 00:08:49 (5414 turns).

Biggs the Skirmisher (Coglin Hunter)                Turns: 5414, Time: 00:08:50

Health: -6/61      AC:  9    Str: 12    XL:     9   Next: 79%
Magic:  9/9        EV: 12    Int:  9    God:    Okawaru [***...]
Gold:   119        SH:  0    Dex: 21    Spells: 8/8 levels left

rFire   . . .        h - +3 sling (drain) {Xiang}
rCold   . . .        a - +2 sling {Nolwazi}
rNeg    . . .        v - +0 ring mail
rPois   .            j - +2 helmet
rElec   .            g - +0 cloak
rCorr   .            (no gloves)
SInv    .            (no boots)
Will    .....        (amulet unavailable)
Stlth   +            (ring unavailable)
HPRegen 0.30/turn    (ring unavailable)
MPRegen 0.11/turn    (no gizmo)

%: no passive effects
@: revved
A: off-hand wielding, slow wielding, warmup strikes, no jewellery
a: Invent Gizmo, Renounce Religion, Heroism


You were on level 7 of the Dungeon.
You worshipped Okawaru.
Okawaru was most pleased with you.
You visited 1 branch of the dungeon, and saw 7 of its levels.

You collected 231 gold pieces.
You spent 112 gold pieces at shops.

Inventory:

Hand Weapons
 a - a +2 sling (offhand) {Nolwazi}
 h - a +3 sling of draining (weapon) {Xiang}
Missiles
 z - a throwing net
Armour
 c - a +0 leather armour
 g - a +0 cloak (worn)
 j - a +2 helmet (worn)
 v - a +0 ring mail (worn)
Scrolls
 b - a scroll of butterflies
 d - a scroll of fog
 i - 3 scrolls of teleportation
 k - a scroll of amnesia
 o - 2 scrolls of poison
 p - a scroll of silence
 q - 2 scrolls of blinking
 s - a scroll of brand weapon {unknown}
 t - a scroll of fear {unknown}
 x - a scroll of immolation {unknown}
 y - 2 scrolls of vulnerability {unknown}
 A - a scroll of noise {unknown}
Potions
 e - 4 potions of brilliance {unknown}
 f - 5 potions of curing {unknown}
 l - 2 potions of enlightenment {unknown}
 m - 2 potions of invisibility {unknown}
 n - a potion of lignification {unknown}
 r - a potion of degeneration {unknown}
 u - a potion of cancellation {unknown}
 w - a potion of ambrosia {unknown}


   Skills:
 - Level 2.0 Fighting
 + Level 11.9 Ranged Weapons
 - Level 4.5 Dodging
 - Level 0.7 Stealth


You had 8 spell levels left.
You didn't know any spells.
Your spell library contained the following spells:

 Spells                   Type           Power      Damage    Failure   Level
 Freeze                   Ice            0%         1d3       67%         1
 Blink                    Tloc           0%         N/A       80%         2
 Lesser Beckoning         Tloc           0%         N/A       80%         2
 Momentum Strike          Conj/Tloc      0%         3d8       80%         2
 Frozen Ramparts          Ice            0%         1d1       95%         3
 Hailstorm                Conj/Ice       0%         3d5       95%         3
 Sigil of Binding         Hex            0%         N/A       95%         3
 Teleport Other           Tloc           0%         N/A       95%         3
 Dimensional Bullseye     Hex/Tloc       0%         N/A       100%        4
 Maxwell's Portable Pile  Tloc           0%         2d(5-10)  100%        4
 Call Canine Familiar     Summ           Unusable   N/A       N/A         3

Dungeon Overview and Level Annotations

Branches:
Dungeon (7/15)             Temple (0/1) D:7

Altars:
Okawaru
Yredelemnul

Shops:
D:1 *   D:2 ((?*[   D:3 *   D:7 =

Annotations:
D:3 1 runed translucent door, PriceMaster's ghost, amateur DsFE


Innate Abilities, Weirdness & Mutations

You can wield a second weapon in your off-hand.
It takes a long time for you to wield or remove held weapons.
Your first few attacks do less damage.
You cannot equip rings or amulets.


Message History

You shoot a sling bullet.
The sling bullet closely misses the electric eel.
You shoot a sling bullet.
The sling bullet closely misses the electric eel.
A dart slug comes into view.
You shoot a sling bullet.
The sling bullet hits the electric eel but does no damage.
The electric eel is moderately wounded.
You shoot a sling bullet.
The sling bullet closely misses the electric eel.
The electric eel shoots out a bolt of lightning at you!
The bolt of electricity hits you! x2
You are too injured to fight recklessly!
Unknown command.
You are too injured to fight recklessly!
Unknown command.
Fire: h) +3 sling (drain) {Xiang}
Press: ? - help, Q - select action, (/) - cycle Shift-Dir - straight line, f/p - electric eel
Aim: an electric eel (water, moderately wounded, 55% to hit)
You shoot a sling bullet.
The sling bullet barely misses the electric eel.
You shoot a sling bullet. The sling bullet hits the electric eel.
The electric eel is heavily wounded.
The electric eel shoots out a bolt of lightning at you!
The bolt of electricity hits you. The bolt of electricity hits you!
* * * LOW HITPOINT WARNING * * *
Fire: h) +3 sling (drain) {Xiang}
Press: ? - help, Q - select action, (/) - cycle Shift-Dir - straight line, f/p - electric eel
Aim: an electric eel (water, heavily wounded, 55% to hit)
You shoot a sling bullet.
The sling bullet misses the electric eel.
You shoot a sling bullet.
The sling bullet misses the electric eel.
The dart slug launches a dart at you. The slug dart misses you.
The electric eel shoots out a bolt of lightning at you!
The bolt of electricity hits you!
* * * LOW HITPOINT WARNING * * *
The bolt of electricity hits you!
You die...

...w ..~#≈ ...~≈≈
.†~≈≈# ##.~S≈≈≈≈
##..~~≈~~~
#....~~~≈≈~
###@..~≈~≈#~≈. ≈
#.....~~≈#≈#~~ ≈
##.....≈≈≈≈≈≈# ≈
##.....≈#≈≈≈♣. ≈
##.....~≈≈≈≈≈%. ~
#.......~≈≈≈~≈# ~~~
##........~≈~~~≈~.#
####......~~.≈~#..
##.###.##......


You could see an electric eel and a dart slug.

Vanquished Creatures
  A wyvern (D:7)
  5 yaks (D:6)
  Menkaure (D:4)
  A steam dragon (D:7)
  An ice beast (D:5)
  4 ogres
  4 scorpions
  4 killer bees (D:7)
  An electric eel (D:7)
  3 bombardier beetles
  An orc priest (D:4)
  4 hounds
  2 jellies (D:6)
  A sleepcap (D:5)
  2 iguanas
  Natasha (D:4)
  4 orc wizards
  2 scorpion zombies (D:4)
  A hound zombie (D:4)
  Robin (D:1)
  8 gnolls
  9 adders
  2 shadow imps
  3 white imps
  An adder zombie (D:4)
  10 dart slugs
  A ribbon worm (D:4)
  27 orcs
  4 bats
  5 endoplasms
  A giant cockroach (D:2)
  4 hobgoblins
  4 jackals (D:3)
  3 quokkas
  8 ball pythons
  14 goblins
  7 kobolds
  5 rats
160 creatures vanquished.

Notes
Turn   | Place    | Note
-------+----------+-------------------------------------------
     0 | D:1      | Biggs the Coglin Hunter began the quest for the Orb.
     0 | D:1      | Reached XP level 1. HP: 16/16 MP: 1/1
    18 | D:1      | Found Cog Archu's General Store.
    26 | D:1      | Found a faded altar of an unknown god.
    36 | D:1      | Reached skill level 4 in Ranged Weapons
    36 | D:1      | Reached XP level 2. HP: 15/22 MP: 2/2
   707 | D:2      | Noticed Robin
   707 | D:2      | Found Eruplirgh's Antique Armour Emporium.
   712 | D:1      | Killed Robin
   713 | D:1      | Reached XP level 3. HP: 21/27 MP: 3/3
   762 | D:2      | Found Wecinuid's Assorted Antiques.
   905 | D:2      | Reached skill level 5 in Ranged Weapons
   905 | D:2      | Reached XP level 4. HP: 33/33 MP: 4/4
   924 | D:2      | Found Lakkaf's Antique Weapon Shop.
  1002 | D:2      | Found Lokke's Weapon Boutique.
  1116 | D:2      | Found Muex's Magic Scroll Emporium.
  1304 | D:2      | Bought a scroll labelled CEPUCI KUNKAOT for 24 gold pieces
  1304 | D:2      | Bought a scroll labelled BUEWEL TUMOHE for 24 gold pieces
  1304 | D:2      | Bought a scroll labelled WIBRUWKEYNI for 24 gold pieces
  1399 | D:3      | Reached XP level 5. HP: 38/38 MP: 5/5
  1491 | D:3      | Reached skill level 6 in Ranged Weapons
  1549 | D:3      | Found a runed translucent door.
  1566 | D:3      | Found Sexumpai's General Store.
  1639 | D:3      | Noticed PriceMaster's ghost (amateur DsFE)
  1813 | D:3      | Reached XP level 6. HP: 44/44 MP: 6/6
  2103 | D:4      | Found an iron altar of Okawaru.
  2115 | D:4      | Became a worshipper of Warmaster Okawaru
  2232 | D:4      | Reached skill level 7 in Ranged Weapons
  2484 | D:4      | Reached XP level 7. HP: 50/50 MP: 7/7
  2657 | D:4      | Found a basalt altar of Yredelemnul.
  2724 | D:4      | Noticed Menkaure
  2733 | D:4      | Killed Menkaure
  2733 | D:4      | Reached * piety under Okawaru
  2896 | D:4      | Noticed Natasha
  2901 | D:4      | Killed Natasha
  3003 | D:5      | Entered Level 5 of the Dungeon
  3191 | D:5      | Reached XP level 8. HP: 56/56 MP: 8/8
  3433 | D:5      | Reached skill level 8 in Ranged Weapons
  3900 | D:2      | Bought a scroll of identify for 20 gold pieces
  3900 | D:2      | Bought a scroll of identify for 20 gold pieces
  4324 | D:6      | Reached ** piety under Okawaru
  4404 | D:6      | Reached skill level 9 in Ranged Weapons
  4417 | D:6      | Noticed a yak
  4419 | D:6      | Noticed a yak
  4429 | D:6      | Killed a yak
  4488 | D:6      | Noticed a yak
  4488 | D:6      | Noticed a yak
  4488 | D:6      | Noticed a yak
  4519 | D:6      | Killed a yak
  4525 | D:6      | Killed a yak
  4526 | D:6      | Reached skill level 10 in Ranged Weapons
  4526 | D:6      | Reached XP level 9. HP: 47/61 MP: 9/9
  4536 | D:6      | Reached *** piety under Okawaru
  4976 | D:7      | Reached skill level 11 in Ranged Weapons
  5124 | D:7      | Found a staircase to the Ecumenical Temple.
  5285 | D:7      | Found Wyttypn's Jewellery Boutique.
  5414 | D:7      | Killed from afar by an electric eel

Illustrated notes

Levels and vault maps discovered:
D:1:      dpeg_arrival_arbitrary_c, layout_rooms, serial_shops, shop,
          serial_forest, infiniplex_forest_zigzag_2, infiniplex_forest_end_2,
          infiniplex_forest_lined_ring, infiniplex_forest_corner_1,
          infiniplex_forest_clump_C, infiniplex_forest_end_1,
          infiniplex_forest_side_room, infiniplex_forest_straight_2,
          infiniplex_forest_clump_small, infiniplex_forest_lined_corner,
          hellmonk_ecumenical_altar_run_dry
D:2:      layout_rooms, serial_shops, shop, shop, shop,
          nicolae_shop_getting_attention, shop, minmay_quantized, uniq_robin
D:3:      layout_basic, hellmonk_ghost_happy_afterlife, serial_shops,
          nicolae_shop_tiny_glass
D:4:      layout_loops_ring, nicolae_yredelemnul_corpse_copse, okawaru_trees_1,
          kennysheep_path_1, uniq_menkaure, uniq_natasha
D:5:      layout_basic
D:6:      layout_loops_ring
D:7:      kennysheep_slugbush, layout_cave_pools, minmay_temple_entry_slanted,
          serial_shops, nicolae_take_the_stairs

Skill      XL: |  1  2  3  4  5  6  7  8  9 |
---------------+----------------------------+-----
Ranged Weapons | 4 5 6 7 10 11 | 11.9
Dodging        | 3 4 |  4.5
Fighting       | |  2.0
Stealth        | |  0.7

Action                     |  1- 3 |  4- 6 |  7- 9 || total
---------------------------+-------+-------+-------++-------
   Fire: Sling             |    98 |   240 |   484 ||   822
    Use: Scroll            |       |       |     6 ||     6
 Armour: Leather armour    |    12 |     8 |       ||    20
         Ring mail         |       |     4 |    48 ||    52
  Dodge: Dodged            |    12 |    17 |    39 ||    68

Table legend: (Time is in decaauts)
 A = Elapsed time spent in this place.
 B = Non-inter-level travel time spent in this place.
 C = Inter-level travel time spent in this place.
 D = Time resting spent in this place.
 E = Time spent auto-exploring this place.
 F = Levels seen in this place.
 G = Mean time per level.
                   A        B        C        D        E       F      G
               +--------+--------+--------+--------+--------+-----+--------+
         Total |   5458 |   5028 |    430 |      0 |   4203 |   7 |  779.7 |
       Dungeon |   5458 |   5028 |    430 |      0 |   4203 |   7 |  779.7 |
               +--------+--------+--------+--------+--------+-----+--------+

Top non-repeatable levels by time:
     D:4: 1000 daAuts
     D:3: 907 daAuts
     D:5: 832 daAuts
     D:6: 815 daAuts
     D:1: 763 daAuts
     D:2: 664 daAuts
     D:7: 475 daAuts
